 Dungeon Crawl Stone Soup version 0.20.1-1-g8b1a95d (webtiles) character file.

195 Blowhard the Cutter (level 5, 25/25 HPs)
             Began as a Spriggan Arcane Marksman on July 21, 2017.
             Quit the game on level 3 of the Dungeon.
             The game lasted 00:06:52 (3642 turns).

Blowhard the Cutter (Spriggan Arcane Marksman)      Turns: 3642, Time: 00:06:52

Health: 25/25      AC:  5    Str:  7    XL:     5   Next: 45%
Magic:  18/18      EV: 19    Int: 14    God:
Gold:   147        SH:  0    Dex: 17    Spells: 1/8 levels left

rFire    . . .     SeeInvis +   r - +0 blowgun (curse)
rCold    . . .     Gourm    .   (shield restricted)
rNeg     . . .     Faith    .   e - +0 robe
rPois    .         Spirit   .   (helmet restricted)
rElec    .         Reflect  .   (no cloak)
rCorr    .         Harm     .   (gloves unavailable)
MR       .....                  (boots unavailable)
Stlth    ++........             i - amulet of inaccuracy (curse)
Regen    0.1/turn               h - +3 ring of protection
MPRegen  0.2/turn               m - ring of magical power

@: very quick
A: unfitting armour, see invisible, herbivore 3, speed 3, slow metabolism 2
a: no special abilities


You were on level 3 of the Dungeon.
You were full.

You visited 1 branch of the dungeon, and saw 3 of its levels.

You collected 147 gold pieces.

Inventory:

Hand Weapons
 a - a +1 hand crossbow
 b - a +1 short sword of venom
 f - a +0 short sword
 r - a cursed +0 blowgun (weapon)
Missiles
 d - 13 bolts
Armour
 e - a +0 robe (worn)
Jewellery
 h - a +3 ring of protection (left hand)
 i - a cursed amulet of inaccuracy (around neck)
 m - a ring of magical power (right hand)
Scrolls
 j - 3 scrolls of identify
Potions
 g - a potion of might {unknown}
 k - 2 potions of curing {unknown}
 l - a potion of brilliance {unknown}
 n - a potion of heal wounds {unknown}
 o - 4 potions of agility {unknown}
 p - a potion of haste {unknown}
Books
 c - a book of Debilitation

   Spells                             Type                      Level
   a - Corona                         Hexes                        1
   b - Slow                           Hexes                        2
   c - Inner Flame                    Hexes/Fire                   3
   d - Portal Projectile              Hexes/Translocation          3
   e - Cause Fear                     Hexes                        4
   f - Leda's Liquefaction            Hexes/Earth                  4


   Skills:
 - Level 0.7 Fighting
 + Level 4.5 Short Blades
 - Level 3.1 Crossbows
 - Level 3.6 Dodging
 - Level 2.3 Spellcasting
 - Level 3.6 Hexes


You had one spell level left.
You knew the following spells:

 Your Spells              Type           Power        Failure   Level  Hunger
a - Corona                Hex            ##.....      5%          1    #......
b - Slow                  Hex            ##......     8%          2    ###....
c - Cause Fear            Hex            ##........   45%         4    #####..


Dungeon Overview and Level Annotations

Branches:
Dungeon (3/15)

Altars:
Ru


Innate Abilities, Weirdness & Mutations

You are very small and have problems with some larger weapons.
You are too small for most types of armour.
You have supernaturally acute eyesight. (SInv)
You are a herbivore.
You cover ground extremely quickly.
You need consume almost no food.


Message History

You kill the orc!
Okay, then.
Things that are here:
a poisoned needle; a leather armour; an orc corpse The orc shouts!
There is a stone staircase leading up here.
You see here a poisoned needle.
q - 2 poisoned needles (gained 1) Firing (i - inventory):
q - 2 poisoned needles (quivered)
Press: ? - help, Shift-Dir - straight line, f - orc
Aim: an orc, wielding a hand axe and wearing a scale mail You shoot a poisoned needle.
The poisoned needle barely misses the orc.
Firing (i - inventory):
q - a poisoned needle (quivered)
Press: ? - help, Shift-Dir - straight line, f/p - orc
Aim: an orc, wielding a hand axe and wearing a scale mail You shoot a poisoned needle.
The poisoned needle hits the orc.
You aren't carrying any items that you can evoke.
Unknown command.
Are you sure you want to abandon this character and quit the game? (Confirm with "yes".)

######.................#
######(......>...<....)......
#......########..(#..........
#..##### #..(###########.
##.....### #.(## #. #####...##
##.o######### #.
####..###...##......# ##.
.######...................###..
..........###.@(..##...........
.#####.######..............##.
...........##.............####.
.#####.###..(..#......###.# #.
##........(............###..
#####...#...............##.##..#
.#.....###.(...###.......##.##.##
.#........(.##.# #...>.##......##
....#.##รท(..##.###.#...##......#.


You could see an orc.

Vanquished Creatures
  A bullfrog (D:3)
  An orc priest (D:3)
  A gnoll (D:1)
  3 adders
  2 worms
  2 dart slugs
  A leopard gecko (D:3)
  An orc (D:3)
  2 giant cockroaches
  6 goblins
  6 hobgoblins
  7 jackals
  7 kobolds
  4 bats
  3 frilled lizards
  8 rats
55 creatures vanquished.

Notes
Turn   | Place    | Note
-------+----------+-------------------------------------------
     0 | D:1      | Blowhard the Spriggan Arcane Marksman began the quest for the Orb.
     0 | D:1      | Reached XP level 1. HP: 9/9 MP: 3/3
   208 | D:1      | Reached XP level 2. HP: 14/14 MP: 6/6
   558 | D:1      | Learned a level 2 spell: Slow
   972 | D:1      | Reached XP level 3. HP: 17/17 MP: 4/7
  2046 | D:2      | Reached skill level 1 in Short Blades
  2246 | D:3      | Found a sacrificial altar of Ru.
  2254 | D:3      | Reached skill level 2 in Short Blades
  2254 | D:3      | Reached XP level 4. HP: 21/21 MP: 8/8
  2477 | D:3      | Noticed a bullfrog
  2485 | D:3      | Learned a level 4 spell: Cause Fear
  2696 | D:3      | Killed a bullfrog
  2696 | D:3      | Reached skill level 3 in Short Blades
  2696 | D:3      | Reached XP level 5. HP: 10/25 MP: 9/9
  3129 | D:2      | Reached skill level 4 in Short Blades
  3642 | D:3      | Quit the game

Skill      XL: |  1  2  3  4  5 |
---------------+----------------+-----
Spellcasting   | 2 |  2.3
Crossbows      | 3 |  3.1
Short Blades   | 2 3 4 |  4.5
Fighting       | |  0.7
Dodging        | |  3.6
Hexes          | |  3.6

Action                   |  1- 3 |  4- 6 || total
-------------------------+-------+-------++-------
Melee: Short sword       |    38 |    47 ||    85
 Fire: Hand crossbow     |    81 |     5 ||    86
       Blowgun           |       |    12 ||    12
 Cast: Corona            |    39 |     7 ||    46
       Slow              |       |     1 ||     1
  Use: Scroll            |     5 |     2 ||     7
 Stab: Sleeping          |       |     1 ||     1
  Eat: Bread ration      |       |     1 ||     1
Armor: Robe              |    17 |     4 ||    21
Dodge: Dodged            |    70 |    41 ||   111
